 Dungeon Crawl Stone Soup version 0.31-a0-986-g5e6e4ef867 (webtiles) character file.

Game seed: 2185529077329124038

744 Skeral the Firebug (level 8, -4/68 (69) HPs)
             Began as a Meteoran Cinder Acolyte on Nov 7, 2023.
             Was an Elder of Ignis.
             Slain by Pikel
             ... wielding a +0 whip of electrocution
              (15 damage)
             ... on level 6 of the Dungeon.
             The game lasted 00:12:51 (2187 turns).

Skeral the Firebug (Meteoran Cinder Acolyte)        Turns: 2187, Time: 00:12:52

HP:   -4/68 (69)    AC:  5    Str: 17    XL:     8   Next: 26%
MP:   9/15          EV: 12    Int: 17    God:    Ignis [****..]
Gold: 173           SH:  0    Dex:  9    Spells: 12/15 levels left

rFire   + . .        a - +0 trident "Wiapteti" {flame, rPois rN+ rCorr Stlth-}
rCold   + . .        (no shield)
rNeg    + . .        b - +0 robe
rPois   +            (no helmet)
rElec   .            (no cloak)
rCorr   +            (no gloves)
SInv    .            r - +2 pair of boots
Will    ++...        (no amulet) Stlth
                     C - ring of protection from cold
HPRegen 0.31/turn    q - ring of willpower
MPRegen 0.14/turn

%: no passive effects
@: glowing, lightly drained
A: sense surroundings 1, otherworldly, glowing, explore regen
a: Renounce Religion, Fiery Armour, Foxfire Swarm, Rising Flame


You were on level 6 of the Dungeon.
You worshipped Ignis.
Ignis was greatly pleased with you.
You visited 1 branch of the dungeon, and saw 7 of its levels.

You collected 173 gold pieces.


Innate Abilities, Weirdness & Mutations

You passively map a small area around you.
You are easily found by Zot.
You glow in the dark.
You regain HP and MP as you explore.


   Skills:
 + Level 5.5 Fighting
 - Level 5.0 Maces & Flails
 + Level 3.6 Polearms
 - Level 1.3 Armour
 - Level 2.0 Dodging
 - Level 4.0 Spellcasting
 - Level 1.0 Translocations
 + Level 6.1 Fire Magic


You had 12 spell levels left.
You knew the following spells:

 Your Spells              Type           Power      Damage    Failure   Level
a - Apportation           Tloc           12%        N/A       11%         1
X - Scorch                Fire           48%        2d7       1%          2

Your spell library contained the following spells:

 Spells                   Type           Power      Damage    Failure   Level
 Necrotise                Necr           12%        1d4       16%         1
 Summon Small Mammal      Summ           12%        N/A       16%         1

Inventory:

Hand Weapons
 a - the +0 trident "Wiapteti" (weapon) {flame, rPois rN+ rCorr Stlth-}
   (You found it on level 4 of the Dungeon)

   rPois:     It protects you from poison rN+: It protects you from negative
   energy.
   rCorr:     It protects you from acid and corrosion.
   Stlth-:    It makes you less stealthy.
 i - a +2 short sword of venom
   (You found it on level 2 of the Dungeon)
 s - a -1 mace of flaming
Missiles
 n - 6 poisoned darts (quivered)
 E - 4 javelins
Armour
 b - a +0 robe (worn)
 m - the +1 plate armour "Deran" {rC+}
   (You found it on level 2 of the Dungeon)

   rC+:       It protects you from cold.
 r - a +2 pair of boots (worn)
   (You found it on level 3 of the Dungeon)
Magical Staves
 B - a staff of cold {!a}
   (You found it on level 5 of the Dungeon)
Jewellery
 c - a ring of protection from cold
   (You found it on level 6 of the Dungeon)
 q - a ring of willpower (right hand)
   (You found it on level 3 of the Dungeon)
 C - a ring of protection from cold (left hand)
   (You found it on level 4 of the Dungeon)
 N - a ring of positive energy
   (You found it on level 3 of the Dungeon)
Wands
 w - a wand of paralysis (8)
   (You found it on level 5 of the Dungeon)
 G - a wand of polymorph (10)
   (You found it on level 6 of the Dungeon)
Scrolls
 f - 3 scrolls of teleportation {unknown}
 g - 3 scrolls of fog {unknown}
 o - 2 scrolls of enchant weapon {unknown}
 p - a scroll of amnesia {unknown}
 u - a scroll of enchant armour {unknown}
 v - a scroll of revelation {unknown}
 y - 2 scrolls of fear {unknown}
 A - a scroll of vulnerability {unknown}
 F - a scroll of poison {unknown}
Potions
 d - a potion of curing {@q1}
 e - 2 potions of magic
 h - a potion of invisibility {unknown}
 j - a potion of lignification {!q}
 k - 3 potions of enlightenment {unknown}
 l - 4 potions of might
 t - a potion of brilliance {unknown}
 x - a potion of heal wounds {unknown}
 z - a potion of cancellation {unknown}
 D - 3 potions of degeneration {unknown}

Dungeon Overview and Level Annotations

Branches:
Dungeon (7/15) Zot: 1996
 Temple: D:4-7

Altars:
Hepliaklqana
Nemelex Xobeh
Qazlal
Vehumet
Wu Jian

Annotations:
D:6 3 runed translucent doors, Pikel; wireframewife's ghost, novice FoHu

#.##.###.##............#.#
#. #.##.#
#............##.#.# #.
#.##.# ######.####..##.#.#
#. #.##.#
#.####..##.#.#####.
#<...##
#.......##.#.......
###...#
#..###..##.#.#####. #.#.#
####55#.........# #.
#.#.####...5K5.[)......#
##
#.#....#.###@....)######
#.####.#.###.#.#[.# ** #.#
#....#).).)[.# , ,* #.#
#............# * , #.#
#......###...##### #.#
#....>.# #........ , **
#.# #......###........*
#.# #.####......###### *
#.####.#......#..# ##


You could see Pikel and 4 lemures.


Message History

😨 HP[+1] MP[+1] 😨 HP[+2] MP[+2]
You regained 2 hp, and now have 33/68 hp.
You regained 2 mp, and now have 11/15 mp. 😮 HP[+2]
You regained 2 hp, and now have 35/68 hp. 😮 HP[+3]
You regained 3 hp, and now have 38/68 hp. 😮 HP[+1] 😮 HP[+1] MP[+2]
You regained 2 mp, and now have 13/15 mp. 😮 HP[+1] 😮 HP[+1] 😮 HP[+5]
You regained 5 hp, and now have 47/68 hp. 2 lemures come into view.
The lemure shouts! x2
Pikel, Merchant of Souls comes into view.
He is wielding a +0 whip of electrocution and wearing a +0 robe of willpower. 😮 HP[+1] Pikel shouts!
You hear a shout! x2 😮 HP[+2]
You regained 2 hp, and now have 50/68 hp. 😮 MP[+1] 😮 HP[+1] Pikel says, "You'll feel the lick of my whip!"
Casting: Scorch (safe; 1% risk of failure)
Confirm with . or Enter, or press ? or * to list all spells.
Flames lash Pikel.
Pikel's fire resistance burns away.
A lemure comes into view. 😕 HP[+1] MP[-2]
You lost 2 mp, and now have 12/15 mp.
Casting: Scorch (safe; 1% risk of failure)
Confirm with . or Enter, or press ? or * to list all spells.
Flames lash the lemure.
The lemure's fire resistance burns away. 😕 MP[-2]
You lost 2 mp, and now have 10/15 mp.
You hit Pikel. You burn Pikel. Pikel hits you but does no damage.
You are electrocuted!
A lemure comes into view. 😮 HP[-13]
You take 13 damage, and now have 39/68 hp.
You miss Pikel.
Pikel is no longer more vulnerable to fire.
Pikel barely misses you. 😮 HP[+1] MP[+1]
Aiming: Paralyse
Press: ? - help, Shift-Dir - straight line, f - Pikel
Aim: Pikel, wielding a +0 whip of electrocution and wearing a +0 robe of willpower (moderately wounded, chance to affect: 17%)
Okay, then.
You hit Pikel. You burn Pikel. Pikel hits you but does no damage.
You are electrocuted!
* * * LOW HITPOINT WARNING * * *
😨 HP[-11]
You take 11 damage, and now have 29/68 hp.
Unknown command.
The lemure is no longer more vulnerable to fire.
Activating: Foxfire Swarm
Press: ? - help, Dir - look around, f - activate Flames leap up around you!
Pikel hits you with a +0 whip of electrocution.
* * * LOW HITPOINT WARNING * * *
😨 HP[-5]
You take 5 damage, and now have 24/68 hp.
The foxfire hits Pikel. x4
The foxfire hits Pikel but does no damage. 😨 HP[+1]
You barely miss Pikel. Pikel barely misses you.
You hit Pikel but do no damage. Pikel closely misses you. 😨 MP[+1]
You barely miss Pikel. Pikel barely misses you. The lemure closely misses you.
The lemure hits you!
* * * LOW HITPOINT WARNING * * *
The lemure misses you. Pikel closely misses you. The lemure hits you.
* * * LOW HITPOINT WARNING * * *
😱 HP[-11]
You take 11 damage, and now have 14/68 hp.
The lemure attacks as it pursues you! The lemure closely misses you.
Casting: Scorch (safe; 1% risk of failure)
Confirm with . or Enter, or press ? or * to list all spells.
Flames lash the lemure but do no damage. 😱 HP[+1] MP[-2]
You lost 2 mp, and now have 10/15 mp.
Casting: Scorch (safe; 1% risk of failure)
Confirm with . or Enter, or press ? or * to list all spells.
Flames lash the lemure but do no damage. 😱 MP[-2]
You lost 2 mp, and now have 8/15 mp.
You closely miss Pikel. Your punch misses Pikel.
Pikel hits you but does no damage.
You completely miss Pikel. Pikel misses you.
The lemure barely misses you. 😱 HP[+1] MP[+1]
The lemure closely misses you.
You hit Pikel. You burn Pikel. The lemure barely misses you.
You hit Pikel. You burn Pikel.
Pikel hits you with a +0 whip of electrocution.
* * * LOW HITPOINT WARNING * * *
You are electrocuted!
You die...
Pikel says, "Another soul for the market."

Skill      XL: |  1  2  3  4  5  6  7  8 |
---------------+-------------------------+-----
Spellcasting   | 2 3 4 |  4.0
Fire Magic     | 4 5 6 |  6.1
Dodging        | 1 2 |  2.0
Fighting       | 4 5 |  5.5
Maces & Flails | 5 |  5.0
Armour         | 1 |  1.3
Polearms       | 2 3 |  3.6
Translocations | 1 |  1.0

Action                     |  1- 3 |  4- 6 |  7- 9 || total
---------------------------+-------+-------+-------++-------
  Melee: Mace              |    14 |    22 |       ||    36
         Punch             |       |     1 |       ||     1
         Trident           |       |    23 |    41 ||    64
  Throw: Dart              |       |     3 |       ||     3
   Cast: Scorch            |    22 |    39 |    37 ||    98
 Invoke: Fiery Armour      |     1 |     1 |       ||     2
         Foxfire Swarm     |       |       |     1 ||     1
    Use: Potion            |       |     2 |     1 ||     3
         Scroll            |       |     4 |       ||     4
 Armour: Robe              |    26 |    72 |    43 ||   141
         Skin              |       |       |     4 ||     4
  Dodge: Dodged            |    18 |    51 |    36 ||   105

Levels and vault maps discovered:
D:1:      doesnt_arrival_eight_statues, layout_rooms, grunt_decor_cap
D:2:      layout_basic, serial_curves, eino_curves_01, eino_curves_03,
          eino_curves_03, kennysheep_donut
D:3:      layout_loops_ring, nemelex_xobeh_ov_fountains_minmay,
          nzn_wu_jian_contemplation, lemuel_doored_altar,
          small_statue_intersection, hex_medium, dk_vineyard_2,
          minmay_misc_feat_rugged
D:4:      layout_basic, marbit_many_paths, kennysheep_crisscross
D:5:      layout_loops_corners, nicolae_qazlal_scattered_showers,
          nzn_hepliaklqana_mist_gate
D:6:      minmay_diamond_boxcup, layout_loops_ring, ebering_ghost_rock_garden,
          uniq_pikel
D:7:      layout_basic, zin_academy, minmay_temple_entry_glassed_door,
          serial_curves, eino_curves_03, eino_curves_02, uniq_joseph

Notes
Turn   | Place    | Note
-------+----------+-------------------------------------------
     0 | D:1      | Skeral the Meteoran Cinder Acolyte began the quest for the
                  | Orb.
     0 | D:1      | Reached XP level 1. HP: 19/19 MP: 3/3
     0 | D:1      | magus.rc [v1.10.3]
    15 | D:1      | Reached XP level 2. HP: 16/26 MP: 3/5
    57 | D:1      | Learned a level 2 spell: Scorch
   113 | D:1      | Reached skill level 2 in Spellcasting
   113 | D:1      | Reached XP level 3. HP: 31/31 MP: 1/7
   240 | D:2      | Reached skill level 4 in Fire Magic
   459 | D:2      | Identified the +1 plate armour "Deran" {rC+}
   719 | D:3      | Found an ornate altar of the Wu Jian Council.
   766 | D:4      | Reached XP level 4. HP: 40/40 MP: 5/8
   786 | D:3      | HP: 10/40 [something (3)]
   790 | D:3      | Reached skill level 1 in Dodging
   881 | D:3      | Found a sparkling altar of Nemelex Xobeh.
  1016 | D:4      | Reached skill level 4 in Fighting
  1016 | D:4      | Reached XP level 5. HP: 36/46 MP: 2/9
  1162 | D:4      | Found a radiant altar of Vehumet.
  1230 | D:4      | You pick up a book of Cantrips and begin reading...
  1230 | D:4      | You add the spells Necrotise, Summon Small Mammal and
                  | Apportation to your library.
  1249 | D:4      | Learned a level 1 spell: Apportation
  1264 | D:4      | Reached skill level 5 in Maces & Flails
  1264 | D:4      | Reached skill level 1 in Armour
  1266 | D:4      | Identified the +0 trident "Wiapteti" {flame, rPois rN+
                  | rCorr Stlth-}
  1283 | D:4      | Reached XP level 6. HP: 50/52 MP: 2/10
  1321 | D:4      | Reached skill level 2 in Dodging
  1337 | D:5      | Entered Level 5 of the Dungeon
  1469 | D:5      | Reached skill level 1 in Polearms
  1469 | D:5      | Reached skill level 1 in Translocations
  1582 | D:5      | Found a stormy altar of Qazlal.
  1681 | D:5      | Found a hazy altar of Hepliaklqana.
  1727 | D:6      | Noticed a black bear
  1733 | D:6      | Killed a black bear
  1734 | D:6      | Reached skill level 2 in Polearms
  1734 | D:6      | Reached skill level 3 in Spellcasting
  1734 | D:6      | Reached skill level 5 in Fire Magic
  1734 | D:6      | Reached XP level 7. HP: 54/60 MP: 7/12
  1831 | D:6      | Reached skill level 5 in Fighting
  1885 | D:6      | Reached skill level 3 in Polearms
  1885 | D:6      | Reached skill level 4 in Spellcasting
  1885 | D:6      | Reached XP level 8. HP: 65/68 MP: 5/15
  1890 | D:6      | Found a runed translucent gate.
  1890 | D:6      | Found a runed translucent gate.
  1900 | D:6      | Found a runed translucent gate.
  1903 | D:6      | Noticed wireframewife's ghost (novice FoHu)
  2076 | D:7      | HP: 17/68 [gnoll bouda/+0 club (9)]
  2122 | D:7      | HP: 16/68 [wight/+3 short sword of freezing (10)]
  2124 | D:7      | Reached skill level 6 in Fire Magic
  2160 | D:6      | Noticed Pikel
  2178 | D:6      | HP: 14/68 [lemure[Pikel] (4)]
  2187 | D:6      | HP: 11/68 [Pikel/+0 whip of electrocution (6)]
  2187 | D:6      | Slain by Pikel

Vanquished Creatures
  An orc warrior (D:6)
  2 black bears (D:6)
  A scorpion (D:5)
  A wight (D:7)
  2 orc priests
  A jelly (D:4)
  A gnoll bouda (D:7)
  An iguana (D:6)
  2 orc wizards
  4 gnolls
  2 adders (D:4)
  A white imp (D:5)
  4 ufetubi (D:5)
  2 worms
  2 dart slugs
  13 orcs
  3 ball pythons
  4 bats
  3 endoplasms
  7 goblins
  5 hobgoblins
  8 jackals
  3 quokkas
  A frilled lizard (D:1)
  4 kobolds
  A rat (D:3)
79 creatures vanquished.

Vanquished Creatures (others)
  5 foxfires (D:6)
5 creatures vanquished.

Grand Total: 84 creatures vanquished

Table legend:
 A = Non-vault XP
 B = Vault XP
 C = Vault XP percentage of total XP
 D = Non-vault monster count
 E = Vault monster count
 F = Vault count percentage of total count
                 A         B        C        D         E       F
            +---------+---------+-------+---------+---------+-------
      Total |    1061 |       2 |   0.2 |      78 |       1 |   1.3
            +---------+---------+-------+---------+---------+-------
        D:1 |      34 |       0 |   0.0 |      17 |       0 |   0.0
        D:2 |      13 |       0 |   0.0 |       7 |       0 |   0.0
        D:3 |      53 |       0 |   0.0 |       9 |       0 |   0.0
        D:4 |     137 |       2 |   1.4 |      16 |       1 |   5.9
        D:5 |     145 |       0 |   0.0 |       9 |       0 |   0.0
        D:6 |     551 |       0 |   0.0 |      17 |       0 |   0.0
        D:7 |     128 |       0 |   0.0 |       3 |       0 |   0.0
            +---------+---------+-------+---------+---------+-------

Skill      XL: |  1  2  3  4  5  6  7  8 |
---------------+-------------------------+-----
Spellcasting   | 2 3 4 |  4.0
Fire Magic     | 4 5 6 |  6.1
Dodging        | 1 2 |  2.0
Fighting       | 4 5 |  5.5
Maces & Flails | 5 |  5.0
Armour         | 1 |  1.3
Polearms       | 2 3 |  3.6
Translocations | 1 |  1.0

Action                     |  1- 3 |  4- 6 |  7- 9 || total
---------------------------+-------+-------+-------++-------
  Melee: Mace              |    14 |    22 |       ||    36
         Punch             |       |     1 |       ||     1
         Trident           |       |    23 |    41 ||    64
  Throw: Dart              |       |     3 |       ||     3
   Cast: Scorch            |    22 |    39 |    37 ||    98
 Invoke: Fiery Armour      |     1 |     1 |       ||     2
         Foxfire Swarm     |       |       |     1 ||     1
    Use: Potion            |       |     2 |     1 ||     3
         Scroll            |       |     4 |       ||     4
 Armour: Robe              |    26 |    72 |    43 ||   141
         Skin              |       |       |     4 ||     4
  Dodge: Dodged            |    18 |    51 |    36 ||   105

Illustrated notes

Table legend:
 A = Kills in this place as a percentage of kills in the entire game.
 B = Kills by you in this place as a percentage of kills by you in the entire game.
 C = Kills by friends in this place as a percentage of kills by friends in the entire game.
 D = Other kills in this place as a percentage of other kills in the entire game.
 E = Experience gained in this place as a percentage of experience gained in the entire game.
 F = Experience gained in this place divided by the number of levels of this place that you have seen.
                   A       B       C       D       E      F
               +-------+-------+-------+-------+-------+----------------------
         Total | 100.0 | 100.0 |   N/A |   N/A | 100.0 | 151.9
       Dungeon | 100.0 | 100.0 |   N/A |   N/A | 100.0 | 151.9
               +-------+-------+-------+-------+-------+----------------------

Table legend: (Time is in decaauts)
 A = Elapsed time spent in this place.
 B = Non-inter-level travel time spent in this place.
 C = Inter-level travel time spent in this place.
 D = Time resting spent in this place.
 E = Time spent auto-exploring this place.
 F = Levels seen in this place.
 G = Mean time per level.
                   A        B        C        D        E       F      G
               +--------+--------+--------+--------+--------+-----+--------+
         Total |   2202 |   2145 |     57 |     26 |     56 |   7 |  314.6 |
       Dungeon |   2202 |   2145 |     57 |     26 |     56 |   7 |  314.6 |
               +--------+--------+--------+--------+--------+-----+--------+

Top non-repeatable levels by time:
     D:3: 432 daAuts
     D:6: 414 daAuts
     D:5: 389 daAuts
     D:4: 354 daAuts
     D:2: 318 daAuts
     D:1: 237 daAuts
     D:7: 56 daAuts
